cohdb
Replays
Latest Replays
All Replays
Popular Replays
Top Player Replays
Match Explorer
How It Works
Community
CoH3 Stats
Reddit
Sign in to upload your games and track your stats! →
Sign in with Steam
Match 43619254
Unlisted
Match 43619254
Overview
Messages
Build Orders
End
Kradschützen Motorcycle Team
Panzergrenadier Squad
Panzergrenadier Squad
Selects Italian Infantry
Construct Light Support Kompanie
2.5-tonne Medical Truck
Selects Sound the Alarm
Sound the Alarm
Fire Support Elements
Panzerjäger Squad
Assault Mechanized Group
Flakvierling Half-track
Selects Guastatori Squad
Vehicle Survival Package
Selects L6/40 Light Tank Combat Group
Sound the Alarm
Selects Prepared Positions
Pak 38 Anti-tank Gun Team
Pak 38 Mechanized Group
2.5-tonne Medical Truck
Sound the Alarm
Guastatori Squad
bigcheese
tompkins
anethma
Mr.TtoYou
0
0
Comments
sign in to comment!
No comments posted yet!